 Dungeon Crawl Stone Soup version 0.30-a0-358-g0d69a1922f (webtiles) character file.

Game seed: 16948030579365721778

1762 hikkokomori the Thaumaturge (level 8, -3/41 HPs)
             Began as a Deep Elf Conjurer on Nov 10, 2022.
             Slain by a wyvern zombie (14 damage)
             ... in an ossuary.
             The game lasted 00:15:49 (3963 turns).

hikkokomori the Thaumaturge (Deep Elf Conjurer)     Turns: 3963, Time: 00:15:50

Health: -3/41      AC:  2    Str:  4    XL:     8   Next: 79%
Magic:  2/31       EV: 12    Int: 26    God:
Gold:   261        SH:  0    Dex: 15    Spells: 10/24 levels left

rFire   . . .      SeeInvis .    u - +7 spear of the Equator {vorpal, Fragile Fly Dex+2}
rCold   . . .      Faith    .    (no shield)
rNeg    . . .      Spirit   .    a - +0 robe
rPois   .          Reflect  .    (no helmet)
rElec   .          Harm     .    (no cloak)
rCorr   .          Rampage  .    (no gloves)
Will    .....                    (no boots)
Stlth   +++.......               h - amulet of magic regeneration
HPRegen 0.26/turn                f - ring of magical power
MPRegen 0.62/turn                q - ring of wizardry

@: flying
A: no striking features
a: no special abilities


You were in an ossuary.
You visited 1 branch of the dungeon, and saw 6 of its levels.
You also visited: Ossuary.

You collected 261 gold pieces.

Inventory:

Hand Weapons
 n - a +0 spear
 u - the +7 spear of the Equator (weapon) {vorpal, Fragile Fly Dex+2}
   (You found it on level 4 of the Dungeon)

   It inflicts extra damage upon your enemies.
   Dex:       It affects your dexterity (+2).
   Fly:       It grants you flight.
   Fragile:   It will be destroyed if unequipped.
 y - a +5 trident
Missiles
 w - 2 throwing nets
Armour
 a - a +0 robe (worn)
 o - a +1 leather armour of fire resistance
 z - a +1 robe of cold resistance
 A - a +2 hat
Jewellery
 f - a ring of magical power (left hand)
 h - an amulet of magic regeneration (around neck)
 q - a ring of wizardry (right hand)
 x - a ring of magical power
Wands
 m - a wand of charming (13)
 s - a wand of flame (21)
Scrolls
 e - 3 scrolls of amnesia
 i - a scroll of noise
 j - 3 scrolls of enchant weapon
Potions
 b - 2 potions of magic
 c - 3 potions of heal wounds {unknown}
 g - a potion of degeneration {unknown}
 k - 3 potions of might
 l - 3 potions of haste {unknown}
 p - a potion of invisibility {unknown}
 r - a potion of brilliance {unknown}
 t - a potion of flight {unknown}
 v - a potion of attraction {unknown}


   Skills:
 - Level 2.4 Dodging
 - Level 4.3 Stealth
 + Level 8.5 Spellcasting
 + Level 8.0 Conjurations
 + Level 7.2 Hexes
 - Level 3.1 Translocations
 + Level 2.1 Ice Magic


You had 10 spell levels left.
You knew the following spells:

 Your Spells              Type           Power      Damage    Failure   Level
a - Magic Dart            Conj           100%       1d8       1%          1
b - Searing Ray           Conj           100%       2d8       1%          2
c - Fulminant Prism       Conj/Hex       25%        3d14      1%          4
d - Iskenderun's Mystic   Conj/Tloc      40%        2d9       2%          4
e - Frozen Ramparts       Ice            44%        1d7       2%          3

Your spell library contained the following spells:

 Spells                   Type           Power      Damage    Failure   Level
 Dazzling Flash           Conj/Hex       100%       N/A       1%          3
 Ice Form                 Ice/Tmut       16%        N/A       14%         4
 Summon Ice Beast         Ice/Summ       16%        N/A       14%         4


Dungeon Overview and Level Annotations

Branches:
Dungeon (8/15)            Ossuary (1/1)
 Temple: D:4-7         Lair: D:8-11

Altars:
Cheibriados
Gozag
Makhleb
Uskayaw

Annotations:
D:2 1 runed translucent door, Crazy Yiuf


Message History

You erupt in a blast of force!
The mystic blast hits the mummy!
You destroy the mummy!
A wyvern zombie comes into view.
Unknown command.
Casting: Iskenderun's Mystic Blast (dangerous; 2% risk of failure)
Confirm with . or Enter, or press ? or * to list all spells.
Aiming: Fulminant Prism (dangerous; 1% risk of failure)
Press: ? - help, Dir - move target
Okay, then.
Casting: Fulminant Prism (dangerous; 1% risk of failure)
Confirm with . or Enter, or press ? or * to list all spells.
Okay, then.
Casting: Fulminant Prism (dangerous; 1% risk of failure)
Confirm with . or Enter, or press ? or * to list all spells.
Aiming: Searing Ray (safe; 1% risk of failure)
Press: ? - help, Shift-Dir - straight line, f - wyvern zombie
Aim: a wyvern zombie (94% to hit)
The searing ray hits the wyvern zombie!
The wyvern zombie is lightly damaged. (Press . to maintain the ray.)
Casting: Searing Ray (safe; 1% risk of failure)
Confirm with . or Enter, or press ? or * to list all spells.
Aiming: Fulminant Prism (dangerous; 1% risk of failure)
Press: ? - help, Dir - move target, p - wyvern zombie You conjure a prism of explosive energy!
A fulminant prism comes into view.
Casting: Fulminant Prism (dangerous; 1% risk of failure)
Confirm with . or Enter, or press ? or * to list all spells.
You erupt in a blast of force!
The mystic blast hits the wyvern zombie.
The wyvern zombie is moderately damaged.
The wyvern zombie is knocked back by the mystic blast.
The wyvern zombie slams into the metal wall!
The wyvern zombie is heavily damaged.
Your fulminant prism crackles loudly.
Unknown command.
You hit the wyvern zombie.
The wyvern zombie is heavily damaged.
The wyvern zombie barely misses you. The wyvern zombie bites you!
You die...

#####
#..@#
#.∩Z#
#...#
##*##
...
#.~.~
#.~.#.
###~~~~
≈~ ≈#


You could see a wyvern zombie (ally target) and a friendly fulminant prism.

Vanquished Creatures
  A wyvern (D:8)
  Duvessa (D:4)
  A black bear (D:8)
  A hornet zombie (Ossuary)
  3 bullfrogs (D:8)
  A necrophage (D:4)
  2 scorpions
  5 wights (D:8)
  Dowan (D:4)
  3 centaur zombies (Ossuary)
  A bullfrog zombie (Ossuary)
  2 orc priests
  2 iguanas
  Jessica (D:2)
  Natasha (thrice) (D:4)
  9 mummies
  A howler monkey zombie (Ossuary)
  4 gnolls (D:5)
  2 adders
  2 shadow imps (D:4)
  2 worms (D:2)
  3 dart slugs
  5 orcs
  2 endoplasms (D:4)
  2 giant cockroaches
  5 goblins
  5 hobgoblins
  4 kobolds
  5 quokkas
  8 ball pythons
  3 bats
  A frilled lizard (D:1)
  5 rats
96 creatures vanquished.

Vanquished Creatures (others)
  28 fulminant prisms
  6 fungi (D:8)
  12 plants
  3 withered plants (Ossuary)
49 creatures vanquished.

Grand Total: 145 creatures vanquished

Notes
Turn   | Place    | Note
-------+----------+-------------------------------------------
     0 | D:1      | hikkokomori the Deep Elf Conjurer began the quest for the
                  | Orb.
     0 | D:1      | Reached XP level 1. HP: 10/10 MP: 6/6
   341 | D:1      | Reached XP level 2. HP: 15/15 MP: 6/8
   910 | D:2      | Found a snail-covered altar of Cheibriados.
  1080 | D:2      | Found a runed translucent door.
  1081 | D:2      | Noticed Crazy Yiuf
  1149 | D:2      | Reached XP level 3. HP: 19/19 MP: 2/10
  1152 | D:2      | Learned a level 2 spell: Searing Ray
  1303 | D:2      | Noticed Jessica
  1305 | D:2      | Killed Jessica
  1306 | D:2      | Reached skill level 5 in Conjurations
  1347 | D:2      | Reached XP level 4. HP: 20/24 MP: 0/12
  1477 | D:2      | Learned a level 4 spell: Fulminant Prism
  1482 | D:2      | Learned a level 4 spell: Iskenderun's Mystic Blast
  2092 | D:3      | Found a hide-covered altar of Uskayaw.
  2121 | D:3      | Reached skill level 1 in Hexes
  2227 | D:3      | Found an opulent altar of Gozag.
  2355 | D:3      | Reached XP level 5. HP: 28/28 MP: 14/14
  2643 | D:4      | Noticed Natasha
  2650 | D:4      | Killed Natasha
  2663 | D:4      | Reached skill level 5 in Spellcasting
  2731 | D:4      | Identified the +7 spear of the Equator {vorpal, Fragile Fly
                  | Dex+2}
  2736 | D:4      | Reached XP level 6. HP: 32/32 MP: 16/16
  2918 | D:4      | Found a transporter.
  3016 | D:4      | Found a transporter.
  3040 | D:4      | Reached skill level 1 in Translocations
  3109 | D:4      | Noticed Dowan
  3115 | D:4      | Noticed Duvessa
  3116 | D:4      | Killed Duvessa
  3117 | D:4      | Found a burning altar of Makhleb.
  3118 | D:4      | Killed Dowan
  3222 | D:4      | Noticed Natasha
  3229 | D:4      | Killed Natasha
  3312 | D:4      | Noticed Natasha
  3315 | D:4      | Killed Natasha
  3316 | D:4      | Reached XP level 7. HP: 36/36 MP: 18/18
  3519 | D:5      | Entered Level 5 of the Dungeon
  3557 | D:5      | You are sucked into a shaft and drop 3 floors!
  3612 | D:8      | Reached skill level 5 in Hexes
  3627 | D:8      | Reached XP level 8. HP: 32/41 MP: 18/20
  3836 | D:8      | Found a sand-covered staircase.
  3906 | Ossuary  | Entered an ossuary
  3911 | Ossuary  | Learned a level 3 spell: Frozen Ramparts
  3928 | Ossuary  | Reached skill level 1 in Ice Magic
  3933 | Ossuary  | HP: 1/41 [bullfrog zombie (6)]
  3963 | Ossuary  | Slain by a wyvern zombie

Illustrated notes

Levels and vault maps discovered:
D:1:      co_arrival_square_in_a_square_in_a_square, layout_loops_cross,
          serial_park_tiny_pond, nicolae_titane
D:2:      layout_basic, basic_altar, uniq_crazy_yiuf_cottage, uniq_jessica
D:3:      layout_basic, nicolae_gozag_cash_rules_everything_around_me,
          nicolae_uskayaw_dance_hall, nicolae_elevator_lobby_plus
D:4:      gammafunk_wand_slinger, layout_loops_ring,
          mainiacjoe_overflow_concentric_impassable, chequers_big_river,
          uniq_duvessa, uniq_natasha
D:5:      layout_basic, general_overflow_altar,
          minmay_temple_entry_antechambers, serial_shops, nicolae_shop_trees,
          serial_glass, glass_columns_b, glass_columns_b, uniq_eustachio,
          uniq_sigmund
D:8:      layout_layer_cave, nicolae_ru_awakened_eye,
          grunt_lair_entry_orc_guard_hut, gup_ossuary_entry_pyramid
Ossuary:  ossuary_zaba_flooded

Skill      XL: |  1  2  3  4  5  6  7  8 |
---------------+-------------------------+-----
Stealth        | 3 4 |  4.3
Spellcasting   | 4 5 6 7 8 |  8.5
Conjurations   | 5 6 8 |  8.0
Hexes          | 1 3 5 7 |  7.2
Translocations | 2 3 |  3.1
Ice Magic      | 2 |  2.1
Dodging        | |  2.4

Action                   |  1- 3 |  4- 6 |  7- 9 || total
-------------------------+-------+-------+-------++-------
Melee: Spear             |     5 |    33 |    20 ||    58
 Cast: Magic Dart        |    60 |    50 |    10 ||   120
       Searing Ray       |       |     6 |    12 ||    18
       Fulminant Prism   |       |     7 |    22 ||    29
       Iskenderun's Myst |       |       |     6 ||     6
Evoke: Wand              |       |       |     3 ||     3
  Use: Scroll            |       |       |     4 ||     4
       Potion            |       |       |     5 ||     5
 Stab: Sleeping          |       |     3 |       ||     3
Armor: Leather armour    |       |     3 |       ||     3
       Robe              |       |     3 |     5 ||     8
Dodge: Dodged            |     6 |    22 |    21 ||    49

Table legend: (Time is in decaauts)
 A = Elapsed time spent in this place.
 B = Non-inter-level travel time spent in this place.
 C = Inter-level travel time spent in this place.
 D = Time resting spent in this place.
 E = Time spent auto-exploring this place.
 F = Levels seen in this place.
 G = Mean time per level.
                   A        B        C        D        E       F      G
               +--------+--------+--------+--------+--------+-----+--------+
         Total |   3970 |   3781 |    189 |    160 |   2863 |   7 |  567.1 |
       Dungeon |   3913 |   3724 |    189 |    157 |   2863 |   6 |  652.2 |
       Ossuary |     57 |     57 |      0 |      3 |      0 |   1 |   57.0 |
               +--------+--------+--------+--------+--------+-----+--------+

Top non-repeatable levels by time:
     D:2: 1063 daAuts
     D:4: 956 daAuts
     D:1: 910 daAuts
     D:3: 596 daAuts
     D:8: 349 daAuts
 Ossuary: 57 daAuts
     D:5: 37 daAuts
